[Event "FIDE Grand Swiss 2023"]
[Site "Villa Marina, Douglas, Isle of Man"]
[Date "2023.11.04"]
[Round "10.38"]
[White "Abasov, Nijat"]
[Black "Mendonca, Leon Luke"]
[Result "1/2-1/2"]
[WhiteElo "2679"]
[BlackElo "2622"]
[EventDate "2023.10.25"]
[ECO "D45"]
[PlyCount "64"]
[BlackClock "00:21:31"]
[BlackFideId "35028561"]
[TimeControl "40/100 + 20/50 + 15 + 30s/move"]
[WhiteClock "00:46:28"]
[WhiteFideId "13402960"]

1.d4 d5 2.c4 c6 3.Nc3 Nf6 4.e3 e6 5.Nf3 Nbd7 6.Qc2 Bd6 7.g4 h6 8.g5 hxg5 9.Nxg5 e5 10.Bd2 exd4 11.exd4 Qe7+ 12.Be2 dxc4 13.O-O-O Nb6 14.Rde1 Be6 15.Nxe6 fxe6 16.Bg5 Qf7 17.Ne4 O-O-O 18.Bxc4 Nxc4 19.Qxc4 Nxe4 20.Rxe4 Be7 21.Bxe7 Qxe7 22.Qxe6+ Qxe6 23.Rxe6 Rxd4 24.Rg6 Re8 25.Rxg7 Re2 26.Rhg1 Rc4+ 27.Kb1 a5 28.Rf7 Kb8 29.Rc1 Rb4 30.Rc2 Re1+ 31.Rc1 Re2 32.Rc2 Re1+ 1/2-1/2

[Event "FIDE Grand Swiss 2023"]
[Site "Villa Marina, Douglas, Isle of Man"]
[Date "2023.11.04"]
[Round "10.39"]
[White "Mishra, Abhimanyu"]
[Black "Ivanchuk, Vasyl"]
[Result "1-0"]
[WhiteElo "2592"]
[BlackElo "2653"]
[EventDate "2023.10.25"]
[ECO "B66"]
[PlyCount "61"]
[BlackClock "00:20:51"]
[BlackFideId "14100010"]
[TimeControl "40/100 + 20/50 + 15 + 30s/move"]
[WhiteClock "00:23:09"]
[WhiteFideId "30920019"]

1.e4 c5 2.Nf3 d6 3.d4 cxd4 4.Nxd4 Nf6 5.Nc3 Nc6 6.Bg5 e6 7.Qd2 a6 8.Nxc6 bxc6 9.O-O-O d5 10.Qe3 Be7 11.Bxf6 gxf6 12.Bc4 Bb7 13.Rhe1 h5 14.exd5 cxd5 15.Bxd5 exd5 16.Nxd5 Bxd5 17.Rxd5 Qc7 18.Rc5 Qd8 19.Rd5 Qc7 20.Rc5 Qd8 21.Qf3 Kf8 22.Rxh5 Rxh5 23.Qxh5 Kg7 24.Re3 Bd6 25.Qg4+ Kf8 26.Rh3 Ke7 27.Qe4+ Kd7 28.Qb7+ Ke8 29.Rh8+ Bf8 30.Rh7 Be7 31.Qc6+ 1-0

[Event "FIDE Grand Swiss 2023"]
[Site "Villa Marina, Douglas, Isle of Man"]
[Date "2023.11.04"]
[Round "10.40"]
[White "Melkumyan, Hrant"]
[Black "Huschenbeth, Niclas"]
[Result "1/2-1/2"]
[WhiteElo "2650"]
[BlackElo "2605"]
[EventDate "2023.10.25"]
[ECO "D33"]
[PlyCount "108"]
[BlackClock "00:35:59"]
[BlackFideId "24604747"]
[TimeControl "40/100 + 20/50 + 15 + 30s/move"]
[WhiteClock "00:43:23"]
[WhiteFideId "13302485"]

1.c4 e6 2.Nc3 c5 3.Nf3 Nf6 4.g3 d5 5.cxd5 exd5 6.d4 Nc6 7.Bg2 cxd4 8.Nxd4 Bc5 9.Nb3 Bb6 10.O-O d4 11.Na4 O-O 12.Bg5 h6 13.Bxf6 Qxf6 14.Nxb6 axb6 15.Bxc6 bxc6 16.Qxd4 Rd8 17.Qxf6 gxf6 18.f3 Be6 19.Kf2 Ra4 20.Nc1 c5 21.b3 Ra3 22.Nd3 Rda8 23.Nf4 Rxa2 24.Rab1 Rd2 25.Rfc1 Raa2 26.g4 Kf8 27.Rc3 Rdb2 28.Rd1 Rd2 29.Rxd2 Rxd2 30.b4 cxb4 31.Rc6 Ba2 32.Ke3 Rd1 33.Rxb6 b3 34.Nd3 Ke7 35.h4 Kd7 36.Nc5+ Kc7 37.Rb4 Rc1 38.Ne4 Rc6 39.Nd2 Kd7 40.Kf4 Ke7 41.Nxb3 Bxb3 42.Rxb3 Kf8 43.Rb5 Kg7 44.e4 Rc3 45.Rf5 Kg6 46.g5 hxg5+ 47.hxg5 fxg5+ 48.Rxg5+ Kf6 49.Kg4 Rc4 50.Ra5 Kg6 51.Rg5+ Kf6 52.Kf4 Rc3 53.Ra5 Kg6 54.Rg5+ Kf6 1/2-1/2

[Event "FIDE Grand Swiss 2023"]
[Site "Villa Marina, Douglas, Isle of Man"]
[Date "2023.11.04"]
[Round "10.41"]
[White "Svane, Rasmus"]
[Black "Bachmann, Axel"]
[Result "0-1"]
[WhiteElo "2646"]
[BlackElo "2604"]
[EventDate "2023.10.25"]
[ECO "A30"]
[PlyCount "94"]
[BlackFideId "3700488"]
[TimeControl "40/100 + 20/50 + 15 + 30s/move"]
[WhiteFideId "4657101"]

1.Nf3 Nf6 2.c4 b6 3.g3 Bb7 4.Bg2 c5 5.O-O g6 6.d4 cxd4 7.Qxd4 ( 7.Qd2 d3 8.Qxd3 d6 9.Qd4 Nbd7 10.Nc3 Rc8 11.Be3 Bg7 12.Rac1 h6 13.Rfd1 O-O 14.b3 Ng4 15.Qd2 Ngf6 16.Ne1 ( 16.Bd4 ) 16...h5 17.Bh3 Qc7 18.Nd3 Qb8 19.Bh6 Rcd8 20.Bxg7 Rfe8 21.Nf4 Kxg7 22.Bxd7 h4 
23.Bxe8 Rxe8 24.Ncd5 ) 
7...d6 8.Nc3 Nbd7 9.Be3 Rc8 10.Rac1 Bg7 11.Rfd1 h6 12.b3 O-O 13.Qd2 Ng4 14.Bd4 Ngf6 15.Be3 h5 16.Ne1 Qc7 17.Bh3 Qb8 18.Nd3 Rcd8 19.Bh6 Rfe8 20.Bxg7 Kxg7 21.Nf4 h4 22.Bxd7 Rxd7 23.Ncd5 hxg3 24.hxg3 Rh8 25.f3 Ne8 26.Kg2 e5 27.Rh1 Rxh1 28.Rxh1 exf4 29.Qd4+ f6 30.Nxf4 Re7 31.Qd3 f5 32.g4 Re5 33.gxf5 Rxf5 34.Ne6+ Kf7 35.Qe3 Re5 36.Ng5+ Kg7 37.Ne4 Bxe4 38.Qh6+ Kf7 39.Qh8 Ke7 40.fxe4 Qa8 41.Qh7+ Kd8 42.Qxg6 Rxe4 43.Kf2 Rxe2+ 44.Kxe2 Qxh1 45.Qg5+ Kc8 46.Qe7 Qh5+ 47.Kd3 Nc7 0-1

[Event "FIDE Grand Swiss 2023"]
[Site "Villa Marina, Douglas, Isle of Man"]
[Date "2023.11.04"]
[Round "10.42"]
[White "Rodrigue-Lemieux, Shawn"]
[Black "Warmerdam, Max"]
[Result "1-0"]
[WhiteElo "2488"]
[BlackElo "2636"]
[EventDate "2023.10.25"]
[ECO "B47"]
[PlyCount "55"]
[BlackClock "00:31:59"]
[BlackFideId "1048104"]
[TimeControl "40/100 + 20/50 + 15 + 30s/move"]
[WhiteClock "00:35:36"]
[WhiteFideId "2620049"]

1.e4 c5 2.Nf3 e6 3.d4 cxd4 4.Nxd4 Nc6 5.Nc3 Qc7 6.g3 h5 7.Bg2 h4 8.O-O a6 9.Re1 d6 10.Nxc6 bxc6 11.e5 d5 12.Na4 Bb7 13.c4 dxc4 14.Nc3 Ne7 15.Ne4 Nd5 16.Bg5 hxg3 17.hxg3 Qxe5 18.Nf6+ gxf6 19.Rxe5 fxe5 20.Qa4 Bd6 21.Rd1 Kf8 22.Qxc4 f5 23.Rd3 Rh7 24.Rb3 Rc8 25.Qc2 e4 26.Bxe4 fxe4 27.Qxe4 Rcc7 28.Qxe6 1-0

[Event "FIDE Grand Swiss 2023"]
[Site "Villa Marina, Douglas, Isle of Man"]
[Date "2023.11.04"]
[Round "10.43"]
[White "Parligras, Mircea-Emilian"]
[Black "Nguyen, Thai Dai Van"]
[Result "0-1"]
[WhiteElo "2561"]
[BlackElo "2618"]
[EventDate "2023.10.25"]
[ECO "E15"]
[PlyCount "130"]
[BlackClock "00:03:36"]
[BlackFideId "358878"]
[TimeControl "40/100 + 20/50 + 15 + 30s/move"]
[WhiteClock "00:40:11"]
[WhiteFideId "1204297"]

1.d4 Nf6 2.c4 e6 3.Nf3 b6 4.g3 Ba6 5.b3 Bb4+ 6.Bd2 Be7 7.Bg2 O-O 8.O-O d5 9.cxd5 exd5 10.Nc3 Nbd7 11.Ne5 Bb7 12.Bf4 Re8 13.Rc1 Nf8 14.Nb5 c5 15.dxc5 bxc5 16.Nc4 Ne6 17.Nbd6 Nxf4 18.Nxb7 Qc7 19.gxf4 Qxb7 20.e3 Rad8 21.Ne5 Bd6 22.Qc2 Qc7 23.Rfd1 h6 24.h3 Rc8 25.Bxd5 Bxe5 26.fxe5 Nxd5 27.Rxd5 Rxe5 28.Qc4 Rxd5 29.Qxd5 Qa5 30.Qd7 Rb8 31.Qd6 Rb6 32.Qxc5 Qxa2 33.Qc8+ Kh7 34.Qc2+ Rg6+ 35.Kh2 Qa5 36.Rg1 Qe5+ 37.Kh1 Qd5+ 38.Kh2 Qe5+ 39.Kh1 Qd5+ 40.Kh2 f5 41.Rxg6 Kxg6 42.Kg3 Qe5+ 43.Kh4 Qh2 44.Qc6+ Kh7 45.Qf3 Qe5 46.Qc6 Qb2 47.Qf3 Qe5 48.Qc6 f4 49.Qc2+ g6 50.Kg4 fxe3 51.fxe3 Qxe3 52.Qc7+ Kg8 53.b4 h5+ 54.Kh4 Kf8 55.b5 Qe7+ 56.Qxe7+ Kxe7 57.Kg5 Kf7 58.Kf4 Ke6 59.Kg5 Kd5 60.h4 Kc5 61.Kxg6 Kxb5 62.Kxh5 a5 63.Kg6 a4 64.h5 a3 65.h6 a2 0-1

[Event "FIDE Grand Swiss 2023"]
[Site "Villa Marina, Douglas, Isle of Man"]
[Date "2023.11.04"]
[Round "10.44"]
[White "Gukesh, D"]
[Black "Dardha, Daniel"]
[Result "1/2-1/2"]
[WhiteElo "2758"]
[BlackElo "2580"]
[EventDate "2023.10.25"]
[ECO "D41"]
[PlyCount "118"]
[BlackClock "00:28:20"]
[BlackFideId "240990"]
[TimeControl "40/100 + 20/50 + 15 + 30s/move"]
[WhiteClock "00:54:30"]
[WhiteFideId "46616543"]

1.d4 Nf6 2.c4 e6 3.Nf3 d5 4.Nc3 c5 5.cxd5 cxd4 6.Qxd4 exd5 7.Bg5 Be7 8.e3 O-O 9.Bd3 Nc6 10.Qa4 h6 11.Bh4 Be6 12.O-O Qb6 13.Ne2 Nb4 14.Bb1 Nc6 15.Bd3 Nb4 16.Qd1 Nxd3 17.Qxd3 g5 18.Bg3 Ne4 19.Be5 Qa6 20.Qd1 f6 21.Bc3 Rad8 22.Nfd4 Bc8 23.a3 Nxc3 24.Nxc3 f5 25.Qc2 Bf6 26.Rad1 Bg7 27.Rd2 f4 28.exf4 Rxf4 29.Rfd1 Qb6 30.Nf3 Bf5 31.Qc1 d4 32.Ne2 Rc8 33.Qa1 Rxf3 34.gxf3 d3 35.Ng3 Bg6 36.Ne4 Rf8 37.Qa2+ Bf7 38.Qb1 Bb3 39.Qxd3 Bxd1 40.Rxd1 Qxb2 41.Nc5 Qc3 42.Qxc3 Bxc3 43.Rd3 Ba5 44.Nxb7 Bb6 45.Rc3 g4 46.Kg2 Rf6 47.fxg4 Rxf2+ 48.Kg3 Rd2 49.a4 Rd7 50.Nc5 Rd4 51.Kh4 Bxc5 52.Rxc5 Rxa4 53.Kh5 Ra6 54.Rc7 Kh8 55.h4 Kg8 56.g5 hxg5 57.hxg5 Rb6 58.Rxa7 Rc6 59.g6 Rc1 1/2-1/2

[Event "FIDE Grand Swiss 2023"]
[Site "Villa Marina, Douglas, Isle of Man"]
[Date "2023.11.04"]
[Round "10.45"]
[White "Vokhidov, Shamsiddin"]
[Black "Donchenko, Alexander"]
[Result "1-0"]
[WhiteElo "2578"]
[BlackElo "2676"]
[EventDate "2023.10.25"]
[ECO "B12"]
[PlyCount "83"]
[BlackClock "00:00:10"]
[BlackFideId "24603295"]
[TimeControl "40/100 + 20/50 + 15 + 30s/move"]
[WhiteClock "00:01:53"]
[WhiteFideId "14204223"]

1.e4 c6 2.d4 d5 3.e5 Bf5 4.h4 h5 5.Bd3 Bxd3 6.Qxd3 Qa5+ 7.c3 Qa6 8.Qd1 e6 9.a4 c5 10.Na3 Qb6 11.Nc2 Nc6 12.Nf3 Nh6 13.O-O Nf5 14.a5 Qc7 15.a6 b6 16.Bg5 Be7 17.Ne3 Bxg5 18.Nxf5 Be7 19.Nxe7 Nxe7 20.c4 dxc4 21.Qa4+ Qc6 22.Qxc4 cxd4 23.Qxd4 O-O 24.Rfc1 Qb5 25.Rc7 Nf5 26.Qc3 Rfd8 27.Ng5 Nd4 28.Kh1 Qe2 29.Rxf7 Rac8 30.Qe1 Qc2 31.Rxa7 Nb3 32.Rb1 Nd2 33.Rd1 Rd4 34.Qe2 g6 35.f4 Rcd8 36.Rf1 Qf5 37.Nf7 Kf8 38.Nxd8 Nxf1 39.Qxf1 Rxd8 40.Rc7 Qe4 41.a7 Kg8 42.Kh2 1-0

[Event "FIDE Grand Swiss 2023"]
[Site "Villa Marina, Douglas, Isle of Man"]
[Date "2023.11.04"]
[Round "10.46"]
[White "Santos Latasa, Jaime"]
[Black "Kozak, Adam"]
[Result "1/2-1/2"]
[WhiteElo "2650"]
[BlackElo "2566"]
[EventDate "2023.10.25"]
[ECO "C50"]
[PlyCount "47"]
[BlackFideId "753246"]
[TimeControl "40/100 + 20/50 + 15 + 30s/move"]
[WhiteFideId "2293307"]

1.e4 e5 2.Nf3 Nc6 3.Bc4 Bc5 4.d3 d6 5.a4 a5 6.O-O Nf6 7.Be3 Bxe3 8.fxe3 O-O 9.Nbd2 Ne7 10.Nh4 Ng6 11.Nxg6 hxg6 12.Nf3 Ng4 13.Qe1 Qe7 14.h3 Nh6 15.Qg3 Be6 16.Bxe6 Qxe6 17.Rf2 Qe8 18.Nh4 Kh7 19.b3 f6 20.Raf1 Rd8 21.Nf3 Qd7 22.Nh4 Qe8 23.Nf3 Qd7 24.Nh4 1/2-1/2

[Event "FIDE Grand Swiss 2023"]
[Site "Villa Marina, Douglas, Isle of Man"]
[Date "2023.11.04"]
[Round "10.47"]
[White "Idani, Pouya"]
[Black "Maurizzi, Marc`andria"]
[Result "1-0"]
[WhiteElo "2633"]
[BlackElo "2555"]
[EventDate "2023.10.25"]
[ECO "C50"]
[PlyCount "153"]
[BlackFideId "36083534"]
[TimeControl "40/100 + 20/50 + 15 + 30s/move"]
[WhiteFideId "12510130"]

1.e4 e5 2.Nf3 Nc6 3.Bc4 Bc5 4.Nc3 Nf6 5.d3 a6 6.Be3 d6 7.a4 O-O 8.O-O h6 9.h3 Re8 10.Bxc5 dxc5 11.Nd5 Nxd5 12.Bxd5 Ne7 13.Bc4 Ng6 14.Kh2 Nh4 15.Ne1 Be6 16.Bxe6 Rxe6 17.g3 Ng6 18.Ng2 Qd6 19.Ne3 Ne7 20.f4 exf4 21.gxf4 f5 22.e5 Qd4 23.Qf3 Rf8 24.c3 Qxd3 25.Rad1 Qe4 26.Rd7 Qxf3 27.Rxf3 Rc8 28.c4 c6 29.Rg3 Rf8 30.h4 Rf7 31.Rxb7 Ng6 32.Rxf7 Kxf7 33.Nxf5 Nxf4 34.Rxg7+ Kf8 35.Ra7 h5 36.Rxa6 Rxe5 37.Ra8+ Kf7 38.a5 Rxf5 39.a6 Kg7 40.a7 Rf7 41.Rg8+ Kxg8 42.a8=Q+ Kg7 43.Qxc6 Rf5 44.b4 cxb4 45.c5 b3 46.Qb7+ Kf6 47.c6 Rc5 48.c7 Rc2+ 49.Kg3 Ne2+ 50.Kf3 b2 51.Ke3 Ng3 52.Qb6+ Kf5 53.Qxb2 Rxc7 54.Qf2+ Ke6 55.Qa2+ Kd6 56.Qa6+ Ke7 57.Kf4 Rc3 58.Qb6 Kf7 59.Ke5 Kg7 60.Qb2 Rf3 61.Ke6+ Kg6 62.Qe5 Nf5 63.Qf6+ Kh7 64.Ke5 Rf2 65.Qf7+ Kh8 66.Qxh5+ Kg7 67.Qg5+ Kh8 68.Qf6+ Kh7 69.h5 Re2+ 70.Kd5 Ne7+ 71.Kd6 Ng8 72.Qg6+ Kh8 73.h6 Re7 74.Qf5 Re1 75.h7 Nh6 76.Qc8+ Kxh7 77.Qc2+ 1-0

[Event "FIDE Grand Swiss 2023"]
[Site "Villa Marina, Douglas, Isle of Man"]
[Date "2023.11.04"]
[Round "10.48"]
[White "Wagner, Dennis"]
[Black "Iturrizaga Bonelli, Eduardo"]
[Result "1/2-1/2"]
[WhiteElo "2589"]
[BlackElo "2615"]
[EventDate "2023.10.25"]
[ECO "D12"]
[PlyCount "62"]
[BlackClock "00:13:51"]
[BlackFideId "3901211"]
[TimeControl "40/100 + 20/50 + 15 + 30s/move"]
[WhiteClock "00:23:51"]
[WhiteFideId "24650684"]

1.d4 Nf6 2.c4 c6 3.Nc3 d5 4.e3 Bf5 5.Nf3 e6 6.Nh4 Be4 7.f3 Bg6 8.Qb3 Qc7 9.Bd2 Be7 10.cxd5 cxd5 11.Nxg6 hxg6 12.O-O-O Nc6 13.Kb1 a6 14.Rc1 Nd7 15.Bd3 Na5 16.Nxd5 Qxc1+ ( 16...Qc4 17.Rc2 Qxc2+ ) 17.Bxc1 Nxb3 18.Nc7+ Kd8 19.Nxa8 Na5 20.e4 Nc6 21.Bf4 Nxd4 22.Bc7+ Ke8 23.Nb6 Bd8 24.Nxd7 Bxc7 25.Nc5 b6 26.Nxa6 Bxh2 27.Nc7+ Kd7 28.Nb5 Nc6 29.a3 g5 30.b4 Rh4 31.Rd1 Be5 1/2-1/2

[Event "FIDE Grand Swiss 2023"]
[Site "Villa Marina, Douglas, Isle of Man"]
[Date "2023.11.04"]
[Round "10.49"]
[White "Karthikeyan, Murali"]
[Black "Lazavik, Denis"]
[Result "1/2-1/2"]
[WhiteElo "2611"]
[BlackElo "2560"]
[EventDate "2023.10.25"]
[ECO "C65"]
[PlyCount "87"]
[BlackFideId "13515110"]
[TimeControl "40/100 + 20/50 + 15 + 30s/move"]
[WhiteFideId "5074452"]

1.e4 e5 2.Nf3 Nc6 3.Bb5 Nf6 4.d3 Bc5 5.O-O Nd4 6.Be3 Nxf3+ 7.Qxf3 Bxe3 8.Qxe3 c6 9.Bc4 O-O 10.Bb3 d6 11.Nd2 a5 12.a4 Be6 13.Bxe6 fxe6 14.c3 b5 15.g3 Qc7 16.h3 Rab8 17.Rfb1 b4 18.d4 Nd7 19.Re1 bxc3 20.bxc3 exd4 21.cxd4 Rb4 22.Rec1 Nb6 23.Rc2 Qd7 24.Rac1 d5 25.e5 Rxa4 26.Rxc6 Nc4 27.Nxc4 Qxc6 28.Nb2 Rc4 29.Nxc4 dxc4 30.Qc3 Rc8 31.Qxa5 c3 32.Qa2 c2 33.Qb3 Kf7 34.f3 Qc3 35.Qxc3 Rxc3 36.Kf2 Ke7 37.Ke2 Kd7 38.h4 h5 39.g4 Kc6 40.Kd2 Rxf3 41.Rxc2+ Kd5 42.Rc7 hxg4 43.Rxg7 Kxd4 44.Rxg4+ ( 44.Rxg4+ Kxe5 ) 1/2-1/2

[Event "FIDE Grand Swiss 2023"]
[Site "Villa Marina, Douglas, Isle of Man"]
[Date "2023.11.04"]
[Round "10.50"]
[White "Gupta, Abhijeet"]
[Black "Krasenkow, Michal"]
[Result "0-1"]
[WhiteElo "2609"]
[BlackElo "2531"]
[EventDate "2023.10.25"]
[ECO "D30"]
[PlyCount "84"]
[BlackClock "01:02:06"]
[BlackFideId "1113100"]
[TimeControl "40/100 + 20/50 + 15 + 30s/move"]
[WhiteClock "00:46:52"]
[WhiteFideId "5010608"]

1.d4 d5 2.c4 e6 3.Nf3 c6 4.g3 dxc4 5.Bg2 b5 6.O-O Bb7 7.Ne5 Nf6 8.a4 a6 9.b3 cxb3 10.Qxb3 Qxd4 11.Bb2 Qb4 12.Qc2 Qc5 13.Qd3 Be7 14.Nd2 O-O 15.Ne4 Qb6 16.Ng5 h6 17.Ngxf7 Rxf7 18.Qg6 Rf8 19.Ng4 c5 20.Nxh6+ Kh8 21.Nf7+ Rxf7 22.Bxb7 Qxb7 23.Qxf7 Nc6 24.Bxf6 gxf6 25.axb5 axb5 26.Rxa8+ Qxa8 27.Qxe6 c4 28.Qf7 c3 29.h4 b4 30.Kh2 Qd8 31.Qh5+ Kg7 32.Qg4+ Kf8 33.Qe4 Ne5 34.Ra1 Kg7 35.h5 Qb6 36.Ra8 Bd8 37.e3 b3 38.Qd5 b2 39.Rxd8 b1=Q 40.Qg8+ Kh6 41.Qf8+ Kxh5 42.Qh8+ Kg4 0-1

[Event "FIDE Grand Swiss 2023"]
[Site "Villa Marina, Douglas, Isle of Man"]
[Date "2023.11.04"]
[Round "10.51"]
[White "Mareco, Sandro"]
[Black "Royal, Shreyas"]
[Result "1/2-1/2"]
[WhiteElo "2606"]
[BlackElo "2407"]
[EventDate "2023.10.25"]
[ECO "B51"]
[PlyCount "67"]
[BlackClock "00:04:44"]
[BlackFideId "448869"]
[TimeControl "40/100 + 20/50 + 15 + 30s/move"]
[WhiteClock "00:01:21"]
[WhiteFideId "112275"]

1.e4 c5 2.Nf3 d6 3.Bb5+ Nd7 4.a4 Nf6 5.Nc3 a6 6.Be2 g6 7.O-O Bg7 8.a5 O-O 9.d3 b5 10.axb6 a5 11.Bf4 Bb7 12.Qd2 Bc6 13.Bh6 Qxb6 14.Ra2 Rfb8 15.Rfa1 a4 16.Bxg7 Kxg7 17.h3 e5 18.Bd1 Qc7 19.Qe3 Rb4 20.b3 axb3 21.Rxa8 d5 22.R1a7 Qd6 23.Rc8 d4 24.Qe1 dxc3 25.cxb3 Bb7 26.Rd8 Qxd3 27.Nxe5 Qb1 28.Nxd7 c2 29.Nxc5 Bd5 30.Ne6+ Bxe6 31.Qxb4 cxd1=R+ 32.Rxd1 Qxd1+ 33.Kh2 Qxb3 34.Qxb3 1/2-1/2

[Event "FIDE Grand Swiss 2023"]
[Site "Villa Marina, Douglas, Isle of Man"]
[Date "2023.11.04"]
[Round "10.52"]
[White "Adhiban, B."]
[Black "Samunenkov, Ihor"]
[Result "1-0"]
[WhiteElo "2551"]
[BlackElo "2531"]
[EventDate "2023.10.25"]
[ECO "C43"]
[PlyCount "73"]
[BlackClock "00:00:47"]
[BlackFideId "14187086"]
[TimeControl "40/100 + 20/50 + 15 + 30s/move"]
[WhiteClock "00:07:44"]
[WhiteFideId "5018471"]

1.e4 e5 2.Nf3 Nf6 3.d4 Nxe4 4.dxe5 d5 5.Nbd2 Qd7 6.Bd3 Nc5 7.Be2 Ne6 8.Nf1 c5 9.Ng3 Nc6 10.O-O g6 11.c4 dxc4 12.Bxc4 Qxd1 13.Rxd1 Bg7 14.Bb5 Bd7 15.Ne4 Nxe5 16.Bxd7+ Nxd7 17.Nd6+ Ke7 18.Nxf7 Rhf8 19.N3g5 Nxg5 20.Nxg5 h6 21.Re1+ Kd6 22.Re6+ Kd5 23.Rxg6 Bd4 24.Ne6 Ne5 25.Rxh6 Bxf2+ 26.Kh1 Rf7 27.Nf4+ Kc4 28.Bd2 b6 29.Rf1 Rd8 30.Bc1 Ng4 31.Re6 Bd4 32.g3 Rh8 33.h4 Rg8 34.Kg2 Ne5 35.b3+ Kb5 36.Ne2 Rxf1 37.Nxd4+ 1-0

[Event "FIDE Grand Swiss 2023"]
[Site "Villa Marina, Douglas, Isle of Man"]
[Date "2023.11.04"]
[Round "10.53"]
[White "Sanal, Vahap"]
[Black "Wu, Li"]
[Result "1/2-1/2"]
[WhiteElo "2603"]
[BlackElo "2303"]
[EventDate "2023.10.25"]
[ECO "D02"]
[PlyCount "94"]
[BlackClock "00:49:29"]
[BlackFideId "411086"]
[TimeControl "40/100 + 20/50 + 15 + 30s/move"]
[WhiteClock "00:56:43"]
[WhiteFideId "6300545"]

1.d4 d5 2.Nf3 c5 3.e3 cxd4 4.exd4 Nc6 5.c3 Qc7 6.h3 Bf5 7.Bb5 e6 8.g4 Bg6 9.Ne5 Bd6 10.Nxg6 hxg6 11.Be3 Nf6 12.Nd2 a6 13.Bd3 O-O-O 14.Qe2 e5 15.dxe5 Bxe5 16.Nb3 Rhe8 17.g5 Nh5 18.O-O-O d4 19.Qg4+ Kb8 20.cxd4 Bxd4 21.Kb1 Bxe3 22.fxe3 Ne5 23.Qa4 Nxd3 24.Rxd3 Qe5 25.Rhd1 Rxd3 26.Rxd3 Rc8 27.h4 Ng3 28.Qg4 Nf5 29.e4 Nd6 30.Nd2 Rc5 31.a3 a5 32.a4 Nc4 33.Nxc4 Rxc4 34.Rd8+ Ka7 35.Qg1+ b6 36.Rd7+ Ka8 37.Qg4 Qxe4+ 38.Qxe4+ Rxe4 39.Rxf7 Rxa4 40.Rxg7 Rxh4 41.Rxg6 Kb7 42.Rf6 Rg4 43.g6 Rg2 44.Rf7+ Kc6 45.g7 b5 46.Kc1 a4 47.Kd1 b4 1/2-1/2

[Event "FIDE Grand Swiss 2023"]
[Site "Villa Marina, Douglas, Isle of Man"]
[Date "2023.11.04"]
[Round "10.54"]
[White "Gurel, Ediz"]
[Black "Fawzy, Adham"]
[Result "1-0"]
[WhiteElo "2514"]
[BlackElo "2535"]
[EventDate "2023.10.25"]
[ECO "B31"]
[PlyCount "99"]
[BlackClock "00:44:37"]
[BlackFideId "10613129"]
[TimeControl "40/100 + 20/50 + 15 + 30s/move"]
[WhiteClock "00:50:24"]
[WhiteFideId "44507356"]

1.e4 c5 2.Nf3 Nc6 3.Bb5 g6 4.Bxc6 bxc6 5.d4 Bg7 6.dxc5 Qa5+ 7.Nbd2 Qxc5 8.O-O d6 9.Re1 a5 10.Nb3 Qb6 11.e5 a4 12.Nbd2 d5 13.b4 Nh6 14.Rb1 O-O 15.Nf1 Ng4 16.Qd2 f6 17.exf6 Bxf6 18.h3 e5 19.hxg4 e4 20.N3h2 a3 21.Rb3 Ba6 22.Bxa3 Bh4 23.g3 Bg5 24.Ne3 d4 25.b5 dxe3 26.fxe3 Bxb5 27.Bxf8 Rxf8 28.Kg2 Qc5 29.Kh3 Bf6 30.Rd1 h5 31.Qd7 Rf7 32.Qe8+ Kg7 33.Qxe4 Be2 34.Rd2 hxg4+ 35.Kg2 Re7 36.Qf4 g5 37.Qb4 Bf3+ 38.Nxf3 gxf3+ 39.Kxf3 Qf5+ 40.Kg2 Kg6 41.Qc4 g4 42.Qd3 Qe4+ 43.Qxe4+ Rxe4 44.Rd6 Rc4 45.Rb6 Rxc2+ 46.Kf1 Rc1+ 47.Ke2 Rc2+ 48.Kd3 Rxa2 49.Rbxc6 Rf2 50.Ke4 1-0

[Event "FIDE Grand Swiss 2023"]
[Site "Villa Marina, Douglas, Isle of Man"]
[Date "2023.11.04"]
[Round "10.55"]
[White "Greenfeld, Alon"]
[Black "Amar, Elham"]
[Result "1-0"]
[WhiteElo "2455"]
[BlackElo "2568"]
[EventDate "2023.10.25"]
[ECO "D47"]
[PlyCount "81"]
[BlackClock "00:31:15"]
[BlackFideId "1533533"]
[TimeControl "40/100 + 20/50 + 15 + 30s/move"]
[WhiteClock "00:04:38"]
[WhiteFideId "2800039"]

1.Nf3 Nf6 2.c4 e6 3.Nc3 d5 4.d4 c6 5.e3 Nbd7 6.Bd3 dxc4 7.Bxc4 b5 8.Bd3 Bd6 9.O-O O-O 10.b3 Bb7 11.Bb2 Qe7 12.e4 e5 13.Ne2 Rfe8 14.Ng3 g6 15.Qd2 Ba3 16.Bxa3 Qxa3 17.Nxe5 Nxe5 18.dxe5 Ng4 19.f4 Qc5+ 20.Kh1 Rad8 21.Rf3 Bc8 22.Raf1 Qe7 23.h3 Nh6 24.Kg1 Qh4 25.Qf2 Bg4 26.Re3 Be6 27.Ne2 Qxf2+ 28.Kxf2 Re7 29.Rc1 Red7 30.Bb1 Rd2 31.Rec3 a5 32.Rxc6 a4 33.R6c2 axb3 34.Rxd2 Rxd2 35.axb3 Bxb3 36.Ke3 Rb2 37.Bd3 Be6 38.g4 Kf8 39.Rc7 Ke8 40.Rb7 b4 41.g5 1-0

[Event "FIDE Grand Swiss 2023"]
[Site "Villa Marina, Douglas, Isle of Man"]
[Date "2023.11.04"]
[Round "10.56"]
[White "Henriquez Villagra, Cristobal"]
[Black "Kolbus, Dietmar"]
[Result "1-0"]
[WhiteElo "2630"]
[BlackElo "2225"]
[EventDate "2023.10.25"]
[ECO "A45"]
[PlyCount "107"]
[BlackClock "00:39:08"]
[BlackFideId "4610628"]
[TimeControl "40/100 + 20/50 + 15 + 30s/move"]
[WhiteClock "01:35:33"]
[WhiteFideId "3409350"]

1.d4 Nf6 2.Bf4 d5 3.e3 c6 4.c4 g6 5.Nc3 Bg7 6.h3 O-O 7.Nf3 Ne4 8.Qb3 Nxc3 9.bxc3 Qa5 10.a3 Be6 11.c5 Bc8 12.Be2 Nd7 13.O-O e5 14.Bg3 Re8 15.Rfd1 exd4 16.cxd4 Qd8 17.a4 Qa5 18.Rdc1 Nf6 19.Bd3 Nh5 20.Bh2 f5 21.Rab1 Bf6 22.Ne5 Ng7 23.Qc2 Re7 24.Rb2 Qd8 25.Kh1 Qe8 26.Nf3 Qd8 27.Bd6 Re6 28.Qb1 Ne8 29.Bh2 Re7 30.Ne5 a6 31.f3 Ra7 32.g4 Ng7 33.Rg2 fxg4 34.fxg4 Ne6 35.Rf1 Bg7 36.Rgf2 Nxc5 37.dxc5 Bxe5 38.Bxe5 Rxe5 39.Rf8+ Qxf8 40.Rxf8+ Kxf8 41.Qf1+ Ke8 42.Qf4 Re7 43.Qb8 Kd7 44.Qxa7 Rxe3 45.Bf1 Rc3 46.Qb6 Re3 47.Kg2 Re7 48.Qb2 Kc7 49.Qf6 Kd8 50.Bd3 Be6 51.a5 Bf7 52.Qd6+ Rd7 53.Qb8+ Ke7 54.Qh8 1-0

[Event "FIDE Grand Swiss 2023"]
[Site "Villa Marina, Douglas, Isle of Man"]
[Date "2023.11.05"]
[Round "11.3"]
[White "Giri, Anish"]
[Black "Esipenko, Andrey"]
[Result "1-0"]
[WhiteElo "2760"]
[BlackElo "2683"]
[EventDate "2023.10.25"]
[ECO "D35"]
[PlyCount "65"]
[BlackClock "00:00:09"]
[BlackFideId "24175439"]
[TimeControl "40/100 + 20/50 + 15 + 30s/move"]
[WhiteClock "00:23:26"]
[WhiteFideId "24116068"]

1.d4 d5 2.c4 e6 3.Nc3 Be7 4.cxd5 exd5 5.Bf4 Nf6 6.e3 Bf5 7.Nge2 O-O 8.Rc1 c5 9.dxc5 Bxc5 10.Nxd5 Nxd5 11.Rxc5 Be6 12.Nc3 Nxf4 13.Qxd8 Rxd8 14.exf4 Nd7 15.Rc7 Nf6 16.f3 h5 17.Rxb7 Rd4 18.Be2 a5 ( 18...Rxf4 ) 19.Kf2 Rb4 20.Rb5 Bd7 21.a3 Bxb5 22.axb4 Bxe2 23.Nxe2 axb4 24.Rd1 Rc8 25.Rd4 Rc2 26.Rxb4 Nd5 27.Rb8+ Kh7 28.g3 h4 29.Rb5 Nc7 30.Rb7 f5 31.Ke3 Ne6 32.g4 Kg8 33.gxf5 1-0

[Event "FIDE Grand Swiss 2023"]
[Site "Villa Marina, Douglas, Isle of Man"]
[Date "2023.11.05"]
[Round "11.18"]
[White "Saric, Ivan"]
[Black "Nihal, Sarin"]
[Result "1/2-1/2"]
[WhiteElo "2647"]
[BlackElo "2694"]
[EventDate "2023.10.25"]
[ECO "C50"]
[PlyCount "124"]
[BlackFideId "25092340"]
[TimeControl "40/100 + 20/50 + 15 + 30s/move"]
[WhiteFideId "14508150"]

1.e4 e5 2.Nf3 Nc6 3.Bc4 Bc5 4.Nc3 Nf6 5.d3 h6 6.O-O O-O 7.h3 d6 8.Na4 Bb6 9.a3 Bd7 10.Nxb6 axb6 11.Re1 Re8 12.c3 Be6 13.Bb5 Bd7 14.a4 Ne7 15.Be3 Ng6 16.Bxd7 Qxd7 17.c4 Nh7 18.b3 f5 19.exf5 Qxf5 20.d4 e4 21.Nd2 Nf6 22.Nf1 Nh4 23.Ng3 Qg6 24.d5 Re7 25.Bd4 Rf8 26.Ra2 h5 27.Re3 Nxg2 28.Kxg2 h4 29.Bxf6 Rxf6 30.Qh5 hxg3 31.Qxg6 Rxg6 32.fxg3 Rg5 33.h4 Rge5 34.Kh3 g6 35.Kg4 Kg7 36.Rf2 Re8 37.Rf1 R8e7 38.b4 Re8 39.b5 Ra8 40.Rf4 Rae8 41.Kh3 R8e7 42.g4 c6 43.bxc6 bxc6 44.dxc6 Rc7 45.g5 Rxc6 46.Rexe4 Rxe4 47.Rxe4 Rc7 48.Kg4 Ra7 49.h5 Rxa4 50.h6+ Kh7 51.Re7+ Kh8 52.Rg7 Rxc4+ 53.Kf3 Rc3+ 54.Kf4 Rc4+ 55.Ke3 Rc3+ 56.Kd4 Rc5 57.Rxg6 b5 58.Ke4 b4 59.Kf4 b3 60.Rxd6 Rb5 61.Rd8+ Kh7 62.Rd7+ Kh8 ( 62...Kh8 63.Ke4 ) 1/2-1/2